 Dungeon Crawl Stone Soup version 0.27.0-1-g7a089689b8 (webtiles) character file.

Game seed: 7910658575999358384

5686 Acheron the Grappler (level 10, -4/91 HPs)
             Began as a Troll Summoner on Aug 5, 2021.
             Was an Elder of the Shining One.
             Slain by an orc warrior (14 damage)
             ... on level 10 of the Dungeon.
             The game lasted 01:05:20 (8168 turns).

Acheron the Grappler (Troll Summoner)               Turns: 8168, Time: 01:05:20

Health: -4/91      AC:  5    Str: 18    XL:     10   Next: 47%
Magic:  13/13      EV: 11    Int: 20    God:    the Shining One [****..]
Gold:   505        SH:  0    Dex: 10    Spells: 6/15 levels left

rFire    . . .     SeeInvis .     - Unarmed
rCold    . . .     Faith    .   (no shield)
rNeg     + + +     Spirit   .   E - +1 robe "Meyptu Gufi" {rN+ Will+}
rPois    .         Reflect  .   (helmet restricted)
rElec    .         Harm     .   o - scarf {+Inv}
rCorr    .         Rampage  .   (gloves unavailable)
Will     +....                  (boots unavailable)
Stlth    +.........             (no amulet)
HPRegen  1.25/turn              n - +4 ring of slaying
MPRegen  0.13/turn              b - +6 ring of intelligence

@: mighty, flayed, glowing, studying Throwing
A: large, unfitting armour, claws 3, regeneration 1, shaggy fur 1, tough skin 1
a: Renounce Religion, Evoke Invisibility, Divine Shield, Cleansing Flame


You were on level 10 of the Dungeon.
You worshipped the Shining One.
The Shining One was greatly pleased with you.
You visited 1 branch of the dungeon, and saw 11 of its levels.
You also visited: Sewer and Bailey.

You collected 505 gold pieces.

Inventory:

Hand Weapons
 j - a +3 short sword
 m - the +10 broad axe of Pandemonium {venom, Fragile rElec rC+ Dex+4}
   (You found it on level 5 of the Dungeon)

   It poisons the flesh of those it strikes.
   Dex:       It affects your dexterity (+4).
   rC:        It protects you from cold.
   rElec:     It insulates you from electricity.
   Fragile:   It will be destroyed if unequipped.
 C - a +2 halberd of electrocution
Missiles
 p - 40 poisoned darts
 y - 3 curare-tipped darts
 B - 85 boomerangs (quivered)
Armour
 o - a scarf of invisibility (worn)
 s - a +0 troll leather armour
 E - the +1 robe "Meyptu Gufi" (worn) {rN+ Will+}
   (You found it on level 10 of the Dungeon)

   rN:        It protects you from negative energy.
   Will:      It increases your willpower.
Jewellery
 b - a +6 ring of intelligence (right claw)
 n - a +4 ring of slaying (left claw)
Wands
 i - a wand of flame (40)
 q - a wand of mindburst (21)
 w - a wand of polymorph (20)
Scrolls
 c - 2 scrolls of fog
 e - 3 scrolls of enchant weapon
Potions
 a - 2 potions of lignification {unknown}
 d - 4 potions of cancellation {unknown}
 f - 4 potions of flight
 g - 3 potions of might
 h - 2 potions of curing
 k - 3 potions of haste
 l - a potion of ambrosia {unknown}
 r - 5 potions of magic
 t - a potion of mutation {unknown}
 v - 3 potions of invisibility
 A - 2 potions of brilliance {unknown}


   Skills:
 * Level 3.4 Fighting
 * Level 2.1 Axes
 * Level 3.4 Throwing
 * Level 5.0 Dodging
 * Level 2.9 Stealth
 * Level 8.7 Unarmed Combat
 * Level 3.0 Spellcasting
 * Level 4.4 Summonings
 * Level 1.2 Earth Magic
 * Level 3.5 Invocations
 * Level 3.2 Evocations


You had 6 spell levels left.
You knew the following spells:

 Your Spells              Type           Power      Damage    Failure   Level
a - Summon Small Mammal   Summ           80%        N/A       2%          1
b - Call Imp              Summ           20%        N/A       3%          2
c - Call Canine Familiar  Summ           20%        N/A       7%          3
d - Stone Arrow           Conj/Erth      10%        3d7       32%         3

Your spell library contained the following spells:

 Spells                   Type           Power      Damage    Failure   Level
 Summon Guardian Golem    Hex/Summ       11%        N/A       17%         3
 Slow                     Hex            3%         N/A       22%         2
 Confusing Touch          Hex            3%         N/A       38%         3
 Frozen Ramparts          Ice            6%         1d2       38%         3
 Tukima's Dance           Hex            3%         N/A       38%         3
 Summon Ice Beast         Ice/Summ       11%        N/A       50%         4
 Summon Lightning Spire   Summ/Air       11%        N/A       50%         4
 Ice Form                 Ice/Tmut       3%         N/A       80%         4
 Passage of Golubria      Tloc           N/A        N/A       80%         4
 Bolt of Magma            Conj/Fire/Erth 2%         4d4       98%         5
 Silence                  Hex/Air        1%         N/A       98%         5
 Yara's Violent Unravell  Hex/Tmut       1%         3d3       98%         5
 Lehudib's Crystal Spear  Conj/Erth      2%         10d2      100%        8
 Shatter                  Erth           3%         3d7*      100%        9


Dungeon Overview and Level Annotations

Branches:
Dungeon (11/15)             Sewer (visited)          Bailey (visited)
 Temple: D:4-7         Lair: D:8-11         Orc: D:9-12

Altars:
Okawaru
Trog
Uskayaw
Yredelemnul
The Shining One

Shops:
D:4 (   D:8 [

Annotations:
D:5 2 runed translucent doors, Quickbrownfox's ghost, amateur DsIE; Sigmund
D:8 1 runed translucent door, destino's ghost, novice DjFE
D:10 2 transporters, exclusion: 3 downstairs


Innate Abilities, Weirdness & Mutations

You are too large for most types of armour.
You have claws for hands.
Your natural rate of healing is unusually fast.
You are covered in fur. (AC +1)
You have tough skin. (AC +1)


Message History

The howler monkey hoots and howls with incredible vigour!
Unknown command.
The howler monkey hoots and howls with incredible vigour!
You hear a shout!
You claw the howler monkey!
The howler monkey is almost dead.
The howler monkey barely misses you.
You mangle the howler monkey!!
You kill the howler monkey!
You barely miss the orc warrior.
The flayed ghost cries, "Suffer as I suffered!"
Terrible wounds spread across more of your body!
You barely miss the orc warrior.
The orc warrior hits you with a +0 war axe!!
You claw the orc warrior!
The orc warrior is moderately wounded.
The orc warrior misses you.
You scratch the orc warrior.
The orc warrior is heavily wounded.
The orc warrior barely misses you.
You scratch the orc warrior.
The orc warrior is severely wounded.
The orc warrior barely misses you. The flayed ghost closely misses you.
You claw the flayed ghost!
The flayed ghost is lightly damaged.
The orc barely misses you.
The orc warrior hits you with a +0 war axe!!
* * * LOW HITPOINT WARNING * * *
The flayed ghost cries, "Feel what I felt!"
Terrible wounds spread across more of your body!
* * * LOW HITPOINT WARNING * * *
You feel very mighty all of a sudden.
The orc hits you from afar with a +0 trident!
* * * LOW HITPOINT WARNING * * *
The orc warrior hits you with a +0 war axe!
* * * LOW HITPOINT WARNING * * *
The flayed ghost closely misses you.
You feel better. The orc misses you.
The orc warrior hits you with a +0 war axe!
You die...

#################################
.....................o).W........
.................o.#######.....##
#######........Wo### #.....#
#.........@# #..C..# #..........#
.'W.8..'. #..........# ..#.....#.
#..........# ..##.....##
#..........# ## ###'####
#..........# #. #..........# #..#
#. #..........# #..# #.
#..........# #..# #.


You could see a flayed ghost, an orc warrior and an orc.

Vanquished Creatures
  A two-headed ogre (D:10)
  2 trolls
  A vampire (D:9)
  5 yaks
  A wyvern (D:5)
  A steam dragon (D:10)
  An acid dragon (D:9)
  2 sky beasts (D:5)
  2 orc warriors
  A black bear (D:4)
  An ogre (D:4)
  A wolf (D:10)
  5 kobold brigands
  A bullfrog (D:9)
  4 scorpions
  2 water moccasin zombies (D:5)
  2 water moccasin skeletons (D:5)
  13 killer bees
  4 howler monkeys
  A centaur zombie (D:8)
  3 jellies
  2 hounds
  A centaur skeleton (D:4)
  2 orc priests
  A bullfrog skeleton (D:5)
  4 iguanas
  6 orc wizards
  2 killer bee zombies
  2 howler monkey zombies
  16 gnolls
  20 adders
  4 river rats (D:4)
  2 white imps (D:5)
  3 worms
  5 dart slugs
  25 orcs
  4 bats
  5 endoplasms
  3 giant cockroaches
  10 goblins
  18 hobgoblins
  11 jackals
  31 kobolds
  4 quokkas
  7 ball pythons
  4 frilled lizards
  7 rats
253 creatures vanquished.

Vanquished Creatures (collateral kills)
  A goblin (D:1)
1 creature vanquished.

Vanquished Creatures (others)
  A kobold (D:11)
  2 fungi (Sewer)
  2 plants (Sewer)
  4 toadstools (D:1)
9 creatures vanquished.

Grand Total: 263 creatures vanquished

Notes
Turn   | Place    | Note
-------+----------+-------------------------------------------
     0 | D:1      | Acheron the Troll Summoner began the quest for the Orb.
     0 | D:1      | Reached XP level 1. HP: 16/16 MP: 1/1
   189 | D:1      | Reached XP level 2. HP: 18/24 MP: 2/2
   213 | D:1      | Found a faded altar of an unknown god.
   219 | D:1      | Became a worshipper of the Shining One
   219 | D:1      | Reached * piety under the Shining One
   890 | D:2      | Reached XP level 3. HP: 32/32 MP: 4/4
   973 | D:2      | Reached skill level 1 in Unarmed Combat
  1521 | D:3      | Learned a level 2 spell: Call Imp
  1546 | D:3      | Found a basalt altar of Yredelemnul.
  1584 | D:3      | Reached XP level 4. HP: 37/40 MP: 5/5
  1617 | D:3      | Reached ** piety under the Shining One
  1618 | D:3      | Reached skill level 2 in Unarmed Combat
  1900 | D:4      | Reached skill level 1 in Invocations
  1909 | D:4      | Reached skill level 1 in Fighting
  1909 | D:4      | Reached XP level 5. HP: 10/48 MP: 6/6
  2032 | D:4      | Reached skill level 3 in Unarmed Combat
  2091 | D:4      | Reached XP level 6. HP: 49/55 MP: 7/7
  2128 | D:4      | Found a glowing drain.
  2141 | Sewer    | Entered a sewer
  2205 | Sewer    | Reached skill level 4 in Unarmed Combat
  2205 | Sewer    | Reached skill level 1 in Evocations
  2396 | Sewer    | Reached XP level 7. HP: 27/62 MP: 8/8
  2516 | D:5      | Entered Level 5 of the Dungeon
  2602 | D:4      | Found Puffeut's Antique Weapon Emporium.
  2791 | D:4      | Reached skill level 5 in Unarmed Combat
  3327 | D:4      | Found a glowing golden altar of the Shining One.
  3330 | D:4      | Found an iron altar of Okawaru.
  3336 | D:4      | Found a bloodstained altar of Trog.
  3337 | D:4      | Found a hide-covered altar of Uskayaw.
  3751 | D:4      | Reached XP level 8. HP: 15/72 MP: 10/10
  3812 | D:4      | Learned a level 3 spell: Call Canine Familiar
  3829 | D:5      | Reached *** piety under the Shining One
  4011 | D:5      | Noticed Sigmund
  4046 | D:5      | Reached skill level 6 in Unarmed Combat
  4112 | D:5      | Noticed a komodo dragon
  4127 | D:5      | Found a runed translucent door.
  4128 | D:5      | Noticed Quickbrownfox's ghost (amateur DsIE)
  4451 | D:5      | Found a runed translucent door.
  4565 | D:5      | Identified the +10 broad axe of Pandemonium {venom, Fragile
                  | rElec rC+ Dex+4}
  4630 | D:5      | Reached skill level 1 in Throwing
  4780 | D:5      | Reached XP level 9. HP: 65/80 MP: 11/11
  4956 | D:6      | Identified the +3 leather armour of Disguise {rN+ Str+5}
  5048 | D:8      | Found Puotual's Armour Emporium.
  5235 | D:8      | Found a flagged portal.
  5253 | Bailey   | Entered a bailey
  5435 | Bailey   | Reached skill level 7 in Unarmed Combat
  5946 | D:8      | Found a runed translucent door.
  5948 | D:8      | Noticed destino's ghost (novice DjFE)
  6203 | D:10     | Entered Level 10 of the Dungeon
  6217 | D:10     | Identified the +1 robe "Meyptu Gufi" {rN+ Will+}
  6267 | D:10     | Found a transporter.
  6378 | D:10     | Noticed a troll
  6379 | D:10     | Noticed a cyclops
  6379 | D:10     | Noticed a two-headed ogre
  6381 | D:10     | Noticed a flayed ghost
  6406 | D:9      | Reached **** piety under the Shining One
  6423 | D:8      | HP: 1/80 [killer bee (6)]
  6428 | D:8      | HP: 2/80 [killer bee (7)]
  6433 | D:8      | Reached skill level 1 in Axes
  6701 | D:9      | Acquired a manual of Throwing
  7245 | D:10     | Found a transporter.
  7281 | D:10     | Reached skill level 8 in Unarmed Combat
  7301 | D:10     | Reached XP level 10. HP: 38/91 MP: 13/13
  7363 | D:10     | Learned a level 3 spell: Stone Arrow
  7391 | D:10     | Killed a two-headed ogre
  7564 | D:11     | Noticed a seven-headed hydra
  7693 | D:11     | Reached skill level 1 in Earth Magic
  7760 | D:11     | Identified the +8 ring mail "Cuoci" {Harm Dex+7}
  8147 | D:10     | Reached skill level 5 in Dodging
  8167 | D:10     | HP: 2/91 [orc warrior (9)]
  8168 | D:10     | Slain by an orc warrior

Illustrated notes

Levels and vault maps discovered:
D:1:      ldierk_water_garden, layout_rooms,
          dreamdust_ecumenical_altar_angels_and_demons
D:2:      layout_loops_ring
D:3:      layout_loops_corners, mainiacjoe_overflow_boulevard, minmay_circle_x
D:4:      layout_loops_ring, minitemple, serial_shops, kennysheep_mini_moat,
          lightli_sewer_entry_pipes, kennysheep_pointless_box
D:5:      cheibrodos_fzero, layout_basic, ebering_ghost_sewer_f,
          chequers_serial_rivers_room_b, uniq_sigmund
D:6:      layout_loops_corners, kiku_gazebo_garden_becter,
          minmay_temple_entry_trees, uniq_eustachio
D:7:      layout_basic, grunt_temple_overflow_open, nrook_campfire,
          feat_on_display
D:8:      layout_basic, serial_shops, shop, lightli_bailey_entry_fortress,
          ebering_ghost_inner_flame
D:9:      layout_gridville, minmay_misc_feat_more_columns
D:10:     gammafunk_cloud_chamber, layout_long_grid, erik_orc_1,
          corexii_hall_statues_deadend, minmay_three_doors
D:11:     layout_loops_cross, erik_lair_island, guppyfry_shop_earth,
          uniq_josephine

Skill      XL: |  1  2  3  4  5  6  7  8  9 10 |
---------------+-------------------------------+-----
Summonings     | 3 4 |  4.4
Unarmed Combat | 1 2 3 4 5 6 8 |  8.7
Invocations    | 1 2 3 |  3.5
Fighting       | 1 2 3 |  3.4
Dodging        | 2 3 4 5 |  5.0
Evocations     | 1 2 3 |  3.2
Spellcasting   | 2 3 |  3.0
Stealth        | 2 |  2.9
Throwing       | 1 2 3 |  3.4
Axes           | 1 2 |  2.1
Earth Magic    | 1 |  1.2

Action                   |  1- 3 |  4- 6 |  7- 9 | 10-12 || total
-------------------------+-------+-------+-------+-------++-------
Melee: Unarmed           |    94 |   130 |   356 |    46 ||   626
       Punch             |       |     1 |     7 |     1 ||     9
Throw: Dart              |       |       |    23 |       ||    23
       Boomerang         |       |       |     1 |     2 ||     3
 Cast: Summon Small Mamm |     8 |     2 |    12 |     7 ||    29
       Call Canine Famil |       |       |     2 |     5 ||     7
Evoke: Wand              |       |       |     9 |     7 ||    16
  Use: Scroll            |       |     5 |    10 |       ||    15
       Potion            |       |       |    12 |     2 ||    14
Armor: Robe              |    19 |    45 |    77 |     9 ||   150
Dodge: Dodged            |    49 |    63 |   220 |    43 ||   375
